 Dungeon Crawl Stone Soup version 0.31-a0-161-gb58dd9be76 (webtiles) character file.

Game seed: 17711264720877217418

2647 rabbitsville the Thaumaturge (level 9, -2/66 HPs)
             Began as a Djinni Fire Elementalist on June 12, 2023.
             Was a Follower of Nemelex Xobeh.
             Engulfed by a cloud of flame (5 damage)
             ... on level 7 of the Dungeon.
             The game lasted 00:39:39 (6220 turns).

rabbitsville the Thaumaturge (DjFE)                 Turns: 6220, Time: 00:39:40

Health: -2/66      AC:  3    Str:  7    XL:     9   Next: 93%
Gold:   240        EV: 12    Int: 20    God:    Nemelex Xobeh [*.....] SH:  5 Dex: 15

rFire   + + .        k - +0 demon whip (elec)
rCold   x . .        (no shield)
rNeg    . . .        a - +0 robe
rPois   ∞            l - +0 helmet
rElec   .            (no cloak)
rCorr   .            (no gloves)
SInv    .            (boots unavailable)
Will    .....        y - amulet of reflection
Stlth   ++           (no ring)
HPRegen 0.31/turn    (no ring)
MPRegen 0.00/turn

%: reflection, infuse magic (-3 HP)
@: flying
A: sickness immunity, fire resistance 2, cold vulnerability 1, float, innate
caster, HP casting, extra vitality 1
a: Renounce Religion, Draw Escape, Draw Destruction, Draw Summoning


You were on level 7 of the Dungeon.
You worshipped Nemelex Xobeh.
Nemelex Xobeh was aware of your devotion.
You visited 2 branches of the dungeon, and saw 8 of its levels.

You collected 240 gold pieces.

Inventory:

Hand Weapons
 h - a +0 club
 j - a +0 dagger
 k - a +0 demon whip of electrocution (weapon)
Missiles
 b - 46 stones
Armour
 a - a +0 robe (worn)
 l - a +0 helmet (worn)
Jewellery
 s - a ring of fire
 y - an amulet of reflection (around neck)
Wands
 z - a wand of mindburst (19)
Scrolls
 c - 3 scrolls of revelation {unknown}
 d - 11 scrolls of identify {unknown}
 e - 2 scrolls of fog {unknown}
 n - a scroll of poison {unknown}
 o - 2 scrolls of immolation {unknown}
 p - 2 scrolls of brand weapon {unknown}
 t - 2 scrolls of enchant armour {unknown}
 u - a scroll of teleportation {unknown}
 w - a scroll of fear {unknown}
 x - a scroll of noise {unknown}
Potions
 f - a potion of invisibility {unknown}
 g - 2 potions of magic {unknown}
 i - 6 potions of curing {unknown}
 m - a potion of brilliance {unknown}
 q - a potion of enlightenment {unknown}
 r - a potion of attraction {unknown}
 v - 2 potions of might {unknown}


   Skills:
 - Level 6.0 Fighting
 - Level 2.1 Dodging
 - Level 1.5 Stealth
 * Level 8.4 Spellcasting
 * Level 8.4 Conjurations
 * Level 8.4 Hexes
 * Level 8.4 Summonings
 * Level 8.4 Necromancy
 * Level 8.4 Translocations
 * Level 8.4 Transmutations
 * Level 8.4 Fire Magic
 * Level 8.4 Ice Magic
 * Level 8.4 Air Magic
 * Level 8.4 Earth Magic
 * Level 8.4 Poison Magic
 + Level 2.2 Invocations
 - Level 3.0 Evocations


You knew the following spells:

 Your Spells              Type           Power      Damage    Failure   Level
a - Foxfire               Conj/Fire      100%       2x1d9     1%          1
b - Scorch                Fire           84%        2d8       1%          2
c - Volatile Blastmotes   Fire/Tloc      84%        2d17      1%          3
d - Inner Flame           Hex/Fire       42%        N/A       1%          3
e - Flame Wave            Conj/Fire      42%        2d11      2%          4
f - Shock                 Conj/Air       100%       1d9       1%          1
g - Blink                 Tloc           84%        N/A       1%          2
h - Static Discharge      Conj/Air       84%        2-6/arc   1%          2
i - Summon Guardian Gole  Hex/Summ       42%        N/A       1%          3
Your spell library was empty.

Dungeon Overview and Level Annotations

Branches:
Dungeon (7/15)             Temple (1/1) D:4

Altars:
Ashenzari
Cheibriados
Dithmenos
Elyvilon
Fedhas
Gozag
Nemelex Xobeh
Okawaru
Qazlal
Ru
Trog
Uskayaw
Wu Jian
Xom
Yredelemnul
Zin

Shops:
D:5 (


Innate Abilities, Weirdness & Mutations

You are immune to sickness and miasma.
You are immune to poison.
Your flesh is very heat resistant. (rF++)
You are vulnerable to cold. (rC-)
You float through the air rather than walking.
You learn spells naturally, not from books.
Your magical power is your life essence.
You have superior vitality. (+4 MHP)


Message History

Flames lash the orc warrior.
The orc warrior resists.
Flame seeps out of the orc warrior.
The orc warrior is lightly wounded.
The orc warrior's fire resistance burns away.
The orc warrior is engulfed in blazing flames.
Flame seeps out of the orc warrior.
Things that are here:
a +0 giant spiked club; an ogre corpse The orc warrior is engulfed in blazing flames.
Flame seeps out of the orc warrior.
You see here a +0 spear.
Casting: Volatile Blastmotes (safe; 1% risk of failure)
Press: ? - help, Q - select action, (/) - cycle Dir - look around, f - activate A cloud of volatile blastmotes flares up around you!
The orc warrior is no longer more vulnerable to fire.
The cloud of blastmotes explodes!
The concussive blast engulfs the orc warrior.
The orc warrior resists.
Flame seeps out of the orc warrior.
The orc warrior is severely wounded.
The concussive blast engulfs you. You resist.
You are knocked back by the blast.
The orc warrior is engulfed in blazing flames.
Flame seeps out of the orc warrior.
Casting: Scorch (safe; 1% risk of failure)
Press: ? - help, Q - select action, (/) - cycle Dir - look around, f - activate Flames lash the orc warrior.
The orc warrior resists.
Flame seeps out of the orc warrior.
The orc warrior is severely wounded.
The orc warrior's fire resistance burns away.
The orc warrior is engulfed in blazing flames.
Flame seeps out of the orc warrior.
Casting: Scorch (safe; 1% risk of failure)
Press: ? - help, Q - select action, (/) - cycle Dir - look around, f - activate Flames lash the orc warrior.
The orc warrior explodes!
The fiery explosion engulfs you!! You resist.
* * * LOW HITPOINT WARNING * * *
You are engulfed in blazing flames.
You resist.
You die...
Your body disappears without a glow.

+......).§☼...#
#.....##°.#.#.......
#..... #§§§.#.#.#...
#..... #)###### # .
###### #)# #)# #○#
#)# #@# #.# #.# #<#
###


There were no monsters in sight!

Vanquished Creatures
  Grinder (D:5)
  2 orc warriors
  3 ice beasts
  4 black bears
  3 ogres
  2 phantoms (D:5)
  A bullfrog (D:7)
  A scorpion (D:6)
  A gnoll sergeant (D:7)
  4 wights (D:6)
  5 hounds
  2 jellies (D:5)
  3 orc priests
  A sleepcap (D:4)
  A gnoll bouda (D:4)
  5 iguanas
  7 orc wizards
  9 adders
  11 gnolls
  A shadow imp (D:5)
  2 ufetubi
  2 dart slugs
  15 orcs
  6 ball pythons
  2 endoplasms (D:1)
  A giant cockroach (D:2)
  4 goblins
  6 hobgoblins
  11 jackals
  3 quokkas
  A bat (D:3)
  A frilled lizard (D:1)
  6 kobolds
  4 rats
131 creatures vanquished.

Vanquished Creatures (others)
  An orc (D:7)
  235 foxfires
236 creatures vanquished.

Grand Total: 367 creatures vanquished

Notes
Turn   | Place    | Note
-------+----------+-------------------------------------------
     0 | D:1      | rabbitsville the Djinni Fire Elementalist began the quest
                  | for the Orb.
     0 | D:1      | rabbitsville set off with the following spells memorised:
                  | Foxfire, Scorch, Volatile Blastmotes, Inner Flame, Flame
                  | Wave.
     0 | D:1      | Reached XP level 1. HP: 15/15 MP: 0/0
   196 | D:1      | Reached XP level 2. HP: 20/22 MP: 0/0
   822 | D:2      | Reached skill level 1 in Fighting
   822 | D:2      | Reached XP level 3. HP: 24/27 MP: 0/0
   822 | D:2      | Learned a level 1 spell: Shock
   832 | D:2      | Reached XP level 4. HP: 16/33 MP: 0/0
   988 | D:2      | Reached XP level 5. HP: 36/38 MP: 0/0
   988 | D:2      | Learned a level 2 spell: Blink
  1688 | D:3      | Found a white marble altar of Elyvilon.
  1702 | D:3      | Reached XP level 6. HP: 42/46 MP: 0/0
  2506 | D:4      | Noticed an ogre
  2514 | D:4      | Killed an ogre
  2724 | D:4      | Noticed a black bear
  2742 | D:4      | Killed a black bear
  2743 | D:4      | Reached XP level 7. HP: 47/53 MP: 0/0
  2743 | D:4      | Learned a level 2 spell: Static Discharge
  2934 | D:4      | Reached skill level 5 in Fighting
  3290 | D:4      | Found a hide-covered altar of Uskayaw.
  3513 | D:4      | Found a broken altar of Ashenzari.
  3578 | D:4      | Found a staircase to the Ecumenical Temple.
  3584 | Temple   | Entered the Ecumenical Temple
  3703 | D:4      | Found an ornate altar of the Wu Jian Council.
  3795 | D:5      | Entered Level 5 of the Dungeon
  3931 | D:5      | Noticed Grinder
  3941 | D:5      | Killed Grinder
  3942 | D:5      | Reached skill level 5 in Spellcasting
  3942 | D:5      | Reached skill level 5 in Conjurations
  3942 | D:5      | Reached skill level 5 in Hexes
  3942 | D:5      | Reached skill level 5 in Summonings
  3942 | D:5      | Reached skill level 5 in Necromancy
  3942 | D:5      | Reached skill level 5 in Translocations
  3942 | D:5      | Reached skill level 5 in Transmutations
  3942 | D:5      | Reached skill level 5 in Fire Magic
  3942 | D:5      | Reached skill level 5 in Ice Magic
  3942 | D:5      | Reached skill level 5 in Air Magic
  3942 | D:5      | Reached skill level 5 in Earth Magic
  3942 | D:5      | Reached skill level 5 in Poison Magic
  3942 | D:5      | Reached XP level 8. HP: 28/61 MP: 0/0
  4265 | D:5      | Found Dauf's Antique Weapon Emporium.
  4507 | D:5      | Reached XP level 9. HP: 51/66 MP: 0/0
  4507 | D:5      | Learned a level 3 spell: Summon Guardian Golem
  4709 | D:5      | Found a sparkling altar of Nemelex Xobeh.
  4714 | D:5      | Became a worshipper of Nemelex Xobeh the Trickster
  4877 | D:5      | Reached skill level 1 in Evocations
  5224 | D:6      | Found a bloodstained altar of Trog.
  5683 | D:6      | Reached * piety under Nemelex Xobeh
  5926 | D:6      | Found a sacrificial altar of Ru.
  6114 | D:6      | Reached skill level 1 in Invocations
  6220 | D:7      | HP: 3/66 [spore (18)]
  6220 | D:7      | Engulfed by a cloud of flame

Illustrated notes

Levels and vault maps discovered:
D:1:      dpeg_arrival_arbitrary_a, layout_basic
D:2:      layout_loops_cross, grunt_decor_cap
D:3:      layout_loops_cross, elyvilon_altar_5, kennysheep_donut
D:4:      layout_loops_corners, general_overflow_altar,
          overflow_temple_1_default, nzn_wu_jian_contemplation,
          lemuel_coloured_pillars_altar, minmay_temple_entry_proselytizer
D:5:      layout_loops_ring, nemelex_spade_bored_becter, serial_shops,
          nicolae_lakefront_shop, feat_on_display, uniq_grinder
D:6:      layout_basic, lemuel_round_altar, kennysheep_orc_sif_temple,
          nicolae_ru_path_of_blood
D:7:      nicolae_cairo_tiling_large_dashed, layout_basic, enter_bailey_7
Temple:   chequers_temple_sunken

Skill      XL: |  1  2  3  4  5  6  7  8  9 |
---------------+----------------------------+-----
Spellcasting   | 4 5 7 8 |  8.4
Conjurations   | 4 5 7 8 |  8.4
Hexes          | 4 5 7 8 |  8.4
Summonings     | 4 5 7 8 |  8.4
Necromancy     | 4 5 7 8 |  8.4
Translocations | 4 5 7 8 |  8.4
Transmutations | 4 5 7 8 |  8.4
Fire Magic     | 4 5 7 8 |  8.4
Ice Magic      | 4 5 7 8 |  8.4
Air Magic      | 4 5 7 8 |  8.4
Earth Magic    | 4 5 7 8 |  8.4
Poison Magic   | 4 5 7 8 |  8.4
Fighting       | 1 2 3 4 6 |  6.0
Evocations     | 3 |  3.0
Invocations    | 2 |  2.2
Dodging        | |  2.1
Stealth        | |  1.5

Action                     |  1- 3 |  4- 6 |  7- 9 || total
---------------------------+-------+-------+-------++-------
  Melee: Unarmed           |     1 |       |       ||     1
         Club              |       |     2 |       ||     2
         Demon whip        |       |     2 |     2 ||     4
   Cast: Foxfire           |    23 |    65 |    60 ||   148
         Scorch            |     2 |     2 |    31 ||    35
         Shock             |     4 |    12 |     9 ||    25
         Volatile Blastmot |       |     6 |    24 ||    30
         Inner Flame       |       |     1 |    28 ||    29
         Blink             |       |       |     4 ||     4
         Flame Wave        |       |       |     2 ||     2
         Summon Guardian G |       |       |     1 ||     1
 Armour: Robe              |     2 |     6 |     6 ||    14
  Dodge: Dodged            |     7 |    19 |    36 ||    62
  Block: Other             |       |       |     2 ||     2

Table legend: (Time is in decaauts)
 A = Elapsed time spent in this place.
 B = Non-inter-level travel time spent in this place.
 C = Inter-level travel time spent in this place.
 D = Time resting spent in this place.
 E = Time spent auto-exploring this place.
 F = Levels seen in this place.
 G = Mean time per level.
                   A        B        C        D        E       F      G
               +--------+--------+--------+--------+--------+-----+--------+
         Total |   6221 |   6072 |    149 |    259 |   3791 |   8 |  777.6 |
       Dungeon |   6163 |   6014 |    149 |    259 |   3791 |   7 |  880.4 |
        Temple |     58 |     58 |      0 |      0 |      0 |   1 |   58.0 |
               +--------+--------+--------+--------+--------+-----+--------+

Top non-repeatable levels by time:
     D:5: 1317 daAuts
     D:4: 1192 daAuts
     D:6: 987 daAuts
     D:3: 983 daAuts
     D:1: 883 daAuts
     D:2: 728 daAuts
     D:7: 69 daAuts
  Temple: 58 daAuts
